 Dungeon Crawl Stone Soup version 0.26.1-10-gdfb7c7de75 (webtiles) character file.

Game seed: 17406530028445839517

200 diana the Skirmisher (level 5, 0/43 HPs)
             Began as a Demonspawn Gladiator on Apr 10, 2021.
             Slain by a worm (6 damage)
             ... on level 3 of the Dungeon.
             The game lasted 00:04:16 (1743 turns).

diana the Skirmisher (Demonspawn Gladiator)         Turns: 1743, Time: 00:04:17

Health: 0/43       AC:  4    Str: 16    XL:     5   Next: 49%
Magic:  5/5        EV: 12    Int: 15    God:
Gold:   70         SH:  0    Dex: 14    Spells: 4/4 levels left

rFire    . . .     SeeInvis .   a - +0 quarterstaff
rCold    . . .     Faith    .   (shield currently unavailable)
rNeg     . . .     Spirit   .   b - +0 leather armour
rPois    .         Reflect  .   c - +0 helmet
rElec    .         Harm     .   (no cloak)
rCorr    .         Rampage  .   (no gloves)
Will     .....                  (no boots)
Stlth    +.........             l - amulet of regeneration
HPRegen  0.54/turn              n - +6 ring of intelligence
MPRegen  0.09/turn              (no ring)

@: no status effects
A: powered by death 2, powered by pain 1
a: no special abilities


You were on level 3 of the Dungeon.
You visited 1 branch of the dungeon, and saw 3 of its levels.

You collected 70 gold pieces.

Inventory:

Hand Weapons
 a - a +0 quarterstaff (weapon)
Missiles
 d - 3 throwing nets (quivered)
Armour
 b - a +0 leather armour (worn)
 c - a +0 helmet (worn)
Jewellery
 l - an amulet of regeneration (around neck)
 n - a +6 ring of intelligence (left hand)
Scrolls
 h - a scroll of fog {unknown}
 j - 2 scrolls of identify {unknown}
 o - 2 scrolls of noise {unknown}
 q - a scroll of immolation {unknown}
 r - a scroll of remove curse {unknown}
 s - a scroll of teleportation {unknown}
Potions
 e - a potion of might {unknown}
 f - a potion of resistance {unknown}
 g - 2 potions of degeneration {unknown}
 i - a potion of brilliance {unknown}
 k - 3 potions of haste {unknown}
 m - a potion of berserk rage {unknown}
 p - 2 potions of curing {unknown}
 t - a potion of heal wounds {unknown}


   Skills:
 * Level 4.9 Fighting
 + Level 3.9 Staves
 - Level 1.7 Throwing
 - Level 2.6 Dodging


You had 4 spell levels left.
You didn't know any spells.
Your spell library was empty.

Dungeon Overview and Level Annotations

Branches:
Dungeon (3/15)

Altars:
Nemelex Xobeh
The Shining One


Innate Abilities, Weirdness & Mutations

You regenerate health from kills.
You sometimes gain a little power by taking damage.


Message History

The worm is moderately wounded.
The worm bites you.
You hit the worm.
The worm is moderately wounded.
You hit the worm but do no damage.
The worm is moderately wounded.
The worm bites you.
You hit the worm.
The worm is heavily wounded.
The worm bites you!
You barely miss the worm.
The worm is heavily wounded.
You sock the worm!
The worm is almost dead.
The worm bites you!
* * * LOW HITPOINT WARNING * * *
You hit the worm.
The worm is almost dead.
The worm bites you.
You die...

#.......# #.# #
#<......#
#########.#
#.##.......#
#.........# .
.........# #
#.#########
#.##...g...#.# #.#
#............# #.#
#.......# #.#
#####..########.#
.........w@......#
.#.####.##########
...# #.#### .. ##


You could see a worm.

Vanquished Creatures
  An orc wizard (D:3)
  3 gnolls
  7 adders
  An ooze (D:2)
  2 worms (D:2)
  3 dart slugs
  4 orcs (D:3)
  2 giant cockroaches
  8 goblins
  7 hobgoblins
  4 jackals (D:1)
  9 kobolds
  2 bats
  6 frilled lizards
  7 rats
66 creatures vanquished.

Notes
Turn   | Place    | Note
-------+----------+-------------------------------------------
     0 | D:1      | diana the Demonspawn Gladiator began the quest for the Orb.
     0 | D:1      | Reached XP level 1. HP: 16/16 MP: 1/1
    71 | D:1      | Gained mutation: You regenerate a little health from kills.
                  | [demonic ancestry]
    71 | D:1      | Reached XP level 2. HP: 21/23 MP: 2/2
   240 | D:1      | Found a glowing golden altar of the Shining One.
   339 | D:1      | Reached skill level 3 in Fighting
   725 | D:2      | Gained mutation: You sometimes gain a little power by
                  | taking damage. [demonic ancestry]
   725 | D:2      | Reached XP level 3. HP: 20/29 MP: 3/3
  1027 | D:2      | Gained mutation: You regenerate health from kills. [demonic
                  | ancestry]
  1027 | D:2      | Reached XP level 4. HP: 37/37 MP: 4/4
  1123 | D:2      | Reached skill level 4 in Fighting
  1268 | D:3      | Found a sparkling altar of Nemelex Xobeh.
  1412 | D:3      | Reached XP level 5. HP: 43/43 MP: 5/5
  1743 | D:3      | Slain by a worm

Illustrated notes

Levels and vault maps discovered:
D:1:      ncdulo_halloftheorcs, layout_rooms, serial_corexii_hall,
          chequers_hall_statues_y, corexii_hall_statues_x,
          chequers_hall_statues_wall_a, tso_metal_star
D:2:      layout_rooms, hangedman_feature_mirror
D:3:      minmay_skewed_foursquare, layout_loops_ring, kiku_gazebo_pond_becter,
          nemelex_xobeh_ov_fountains_minmay, ashenzari_altar_1

Skill      XL: |  1  2  3  4 |
---------------+-------------+-----
Staves         | 3 |  3.9
Fighting       | 3 4 |  4.9
Throwing       | |  1.7
Dodging        | |  2.6

Action                   |  1- 3 |  4- 6 || total
-------------------------+-------+-------++-------
Melee: Quarterstaff      |   116 |    98 ||   214
Armor: Leather armour    |    32 |    34 ||    66
Dodge: Dodged            |    80 |   110 ||   190
